[Event "ICC tourney 2434 (75 10)"]
[Site "Internet Chess Club"]
[Date "2021.03.07"]
[Round "6"]
[White "Pendse, Vihaan:awakeprize"]
[Black "Li, Jingtu Oscar:ZYCON"]
[Result "1-0"]
[ICCResult "Black checkmated"]
[WhiteElo "1492"]
[BlackElo "1364"]
[Opening "Sicilian"]
[ECO "B50"]
[NIC "SI.01"]
[Time "20:01:48"]
[PlyCount "159"]
[TimeControl "4500+10"]

1. e4 c5 2. Nf3 d6 3. c3 Nc6 4. d4 cxd4 5. cxd4 Nf6 6. Nc3 g6 7. Bd3 Bg7 8.
O-O O-O 9. h3 Bd7 10. Re1 Rc8 11. Bf4 Nh5 12. Bh2 Nxd4 13. Nxd4 Bxd4 14.
Be2 Bxc3 15. bxc3 Nf6 16. e5 dxe5 17. Bxe5 Bf5 18. Qb3 Qd5 19. Bxf6 Qxb3
20. axb3 exf6 21. Rxa7 Rxc3 22. Rxb7 Bc2 23. Bc4 Bd3 24. Bxd3 Rxd3 25. Ree7
f5 26. g3 Kg7 27. Kg2 Rdd8 28. Kf3 Rb8 29. Kf4 Rxb7 30. Rxb7 Re8 31. b4
Re4+ 32. Kf3 h5 33. h4 Kf6 34. b5 Ke6 35. Rb8 Rb4 36. b6 Kd6 37. b7 Kc6 38.
Rc8+ Kxb7 39. Rf8 Rb6 40. Rxf7+ Kc8 41. Kf4 Rb4+ 42. Kg5 Rg4+ 43. Kh6 Kd8
44. Rg7 f4 45. Rxg6 fxg3 46. Rxg4 hxg4 47. fxg3 Ke7 48. Kg5 Kf7 49. Kxg4
Kg6 50. Kf4 Kf6 51. h5 Kg7 52. Kg5 Kf7 53. Kh6 Kg8 54. Kg6 Kh8 55. Kf7 Kh7
56. g4 Kh6 57. Kf6 Kh7 58. h6 Kxh6 59. g5+ Kh7 60. Kf7 Kh8 61. Kg6 Kg8 62.
Kh6 Kh8 63. g6 Kg8 64. g7 Kf7 65. Kh7 Kf6 66. g8=Q Kf5 67. Qg7 Ke6 68. Qc7
Kd5 69. Qb6 Kc4 70. Qd6 Kb5 71. Qc7 Kb4 72. Qc6 Kb3 73. Qc5 Ka4 74. Qb6 Ka3
75. Kg6 Ka4 76. Kf5 Ka3 77. Ke4 Ka2 78. Kd3 Ka3 79. Kc3 Ka4 80. Qa6# {
Black checkmated } 1-0

[Event "ICC tourney 2434 (75 10)"]
[Site "Internet Chess Club"]
[Date "2021.03.07"]
[Round "6"]
[White "ZHUGE, KATHERINE:FlowingMelody"]
[Black "MITRA, AHANA:lovechess1225"]
[Result "1-0"]
[ICCResult "Black checkmated"]
[WhiteElo "1385"]
[BlackElo "1478"]
[Opening "Ruy Lopez: closed, anti-Marshall 8.a4"]
[ECO "C88"]
[NIC "RL.18"]
[Time "20:01:29"]
[PlyCount "69"]
[TimeControl "4500+10"]

1. e4 e5 2. Nf3 Nc6 3. Bb5 a6 4. Ba4 Nf6 5. O-O b5 6. Bb3 Be7 7. Re1 O-O 8.
a4 Bb7 9. d3 Bc5 10. Be3 Bxe3 11. fxe3 h6 12. Rf1 d6 13. Qe1 Re8 14. Qg3
Ne7 15. Nh4 Kf8 16. Nc3 c6 17. Rf2 Qd7 18. Raf1 c5 19. axb5 axb5 20. Nf5
Nxf5 21. Rxf5 b4 22. Ne2 d5 23. exd5 Bxd5 24. Bxd5 Qxd5 25. Qh4 Ra2 26. e4
Qd7 27. Rxf6 gxf6 28. Qxh6+ Kg8 29. Rf3 Ra1+ 30. Kf2 Qg4 31. Rg3 Qxg3+ 32.
Nxg3 Rc1 33. Nf5 Rxc2+ 34. Kg3 c4 35. Qg7# { Black checkmated } 1-0

[Event "ICC tourney 2434 (75 10)"]
[Site "Internet Chess Club"]
[Date "2021.03.07"]
[Round "6"]
[White "Xiao, Michael:michaelxiao"]
[Black "JACOBS, STEVE:Steviejay"]
[Result "1/2-1/2"]
[ICCResult "Game drawn by mutual agreement"]
[WhiteElo "1332"]
[BlackElo "1429"]
[Opening "English opening"]
[ECO "A10"]
[NIC "EO.64"]
[Time "20:02:04"]
[PlyCount "77"]
[TimeControl "4500+10"]

1. c4 d5 2. cxd5 Qxd5 3. Nc3 Qd8 4. g3 Nf6 5. Bg2 c6 6. Nf3 g6 7. d4 Bg7 8.
e4 Bg4 9. e5 Nd5 10. Nxd5 Qxd5 11. O-O Qe6 12. Be3 O-O 13. Qc2 h6 14. b3
Nd7 15. Ne1 Rfd8 16. f3 Bh3 17. Qe2 Bxg2 18. Kxg2 Nb6 19. Nd3 Nd5 20. Bf2
b6 21. Rac1 f6 22. Rfe1 f5 23. Be3 Rac8 24. Rc2 Rd7 25. Rec1 Rdc7 26. Qd2
g5 27. f4 g4 28. a3 Nxe3+ 29. Qxe3 Qd5+ 30. Kg1 Qxb3 31. Rc3 Qe6 32. Nb4 a5
33. d5 Qf7 34. Nxc6 Kh7 35. Rd3 e6 36. Rdc3 exd5 37. Qxb6 Qe6 38. Qb5 Qd7
39. Qb6 { Game drawn by mutual agreement } 1/2-1/2

[Event "ICC tourney 2434 (75 10)"]
[Site "Internet Chess Club"]
[Date "2021.03.07"]
[Round "6"]
[White "XU, ANDY YUEDUO:sillytiger"]
[Black "LAIDO, OLIVIA:beibeiolivia"]
[Result "1-0"]
[ICCResult "Black checkmated"]
[WhiteElo "1449"]
[BlackElo "1440"]
[Opening "English: Sicilian reversed"]
[ECO "A25"]
[NIC "EO.20"]
[Time "20:01:14"]
[PlyCount "131"]
[TimeControl "4500+10"]

1. c4 e5 2. Nc3 Nc6 3. g3 Bc5 4. Bg2 a6 5. Nf3 Nf6 6. O-O O-O 7. d3 d6 8.
a3 Be6 9. e3 Ba7 10. h3 Re8 11. Qc2 Qd7 12. Kh2 Rad8 13. b4 Ne7 14. Ng5 Bf5
15. g4 h6 16. Nxf7 Kxf7 17. gxf5 c6 18. e4 d5 19. Rd1 Kg8 20. c5 Bb8 21.
Kg1 Qc8 22. Bb2 d4 23. Ne2 Qd7 24. Kh1 Nc8 25. Rg1 Kh8 26. Ng3 Na7 27. a4
Qf7 28. Bc1 Bc7 29. Ra3 a5 30. Bd2 axb4 31. Bxb4 Nc8 32. a5 Na7 33. a6 Nb5
34. Ra2 Ra8 35. Rga1 bxa6 36. Rxa6 Rxa6 37. Rxa6 Qd7 38. Qa2 Kh7 39. Ba5
Bxa5 40. Qxa5 Rc8 41. Ne2 Qc7 42. Qa4 Qe7 43. Qc4 Nd7 44. f4 Qxc5 45. Qf7
Qd6 46. fxe5 Nxe5 47. Qb3 Qe7 48. Nf4 Qb7 49. Ra1 Ra8 50. Rxa8 Qxa8 51. Ne6
Qa1+ 52. Kh2 Qc3 53. Nf8+ Kh8 54. Qe6 Qc5 55. Qe8 Qxf8 56. Qxf8+ Kh7 57. f6
gxf6 58. Qxf6 Nxd3 59. e5 Nc5 60. Qxc6 d3 61. Qxc5 d2 62. Qc2+ Kg7 63. Qxd2
h5 64. Qg5+ Kf7 65. Qf6+ Ke8 66. Bc6# { Black checkmated } 1-0

[Event "ICC tourney 2434 (75 10)"]
[Site "Internet Chess Club"]
[Date "2021.03.07"]
[Round "6"]
[White "SHAH, KAIVAL:kaivalshah"]
[Black "Shan, Ethan:ethanshan"]
[Result "0-1"]
[ICCResult "White checkmated"]
[WhiteElo "1340"]
[BlackElo "1492"]
[Opening "Dutch with c4 & Nc3"]
[ECO "A85"]
[NIC "HD.05"]
[Time "20:01:12"]
[PlyCount "124"]
[TimeControl "4500+10"]

1. d4 f5 2. c4 Nf6 3. Nc3 g6 4. Nf3 Bg7 5. g3 O-O 6. Bg2 d6 7. e3 Nbd7 8.
O-O e5 9. dxe5 dxe5 10. Ng5 Nc5 11. b3 e4 12. Ba3 b6 13. Bxc5 bxc5 14. Nh3
Qe7 15. Qc2 c6 16. Rfd1 Bd7 17. Rd2 Rad8 18. Re1 Ng4 19. Nd1 Ne5 20. Nb2
Nf3+ 21. Bxf3 exf3 22. Red1 g5 23. Nd3 f4 24. Ndxf4 gxf4 25. Rxd7 Rxd7 26.
Rxd7 Qxd7 27. Ng5 Qf5 28. Qxf5 Rxf5 29. Ne6 Rf6 30. Nxf4 Rd6 31. h4 Be5 32.
Nh3 Rd2 33. Ng5 Rxa2 34. Nxf3 Bf6 35. Kg2 Rb2 36. Nd2 Rxd2 37. Kf3 Rb2 38.
g4 Rxb3 39. g5 Bg7 40. h5 Kf7 41. g6+ hxg6 42. hxg6+ Kxg6 43. Kf4 a5 44. e4
a4 45. e5 Bxe5+ 46. Kxe5 a3 47. f4 a2 48. f5+ Kf7 49. Kd6 a1=Q 50. f6 Rd3+
51. Kc7 Qa5+ 52. Kc8 Rd8+ 53. Kb7 Qa8+ 54. Kb6 Rb8+ 55. Kc7 Qb7+ 56. Kd6
Rd8+ 57. Kxc5 Qa7+ 58. Kxc6 Rc8+ 59. Kd5 Qd7+ 60. Ke5 Re8+ 61. Kf4 Qd4+ 62.
Kf5 Re5# { White checkmated } 0-1

[Event "ICC tourney 2434 (75 10)"]
[Site "Internet Chess Club"]
[Date "2021.03.07"]
[Round "6"]
[White "TORCHINSKY-FIELD, IZZY:strongbear"]
[Black "DAMERDJI, SALIM:dgream"]
[Result "1/2-1/2"]
[ICCResult "Game drawn by mutual agreement"]
[WhiteElo "1300"]
[BlackElo "1422"]
[Opening "Nimzovich-Larsen attack: classical variation"]
[ECO "A01"]
[NIC "VO.08"]
[Time "20:01:21"]
[PlyCount "67"]
[TimeControl "4500+10"]

1. b3 d5 2. Bb2 c5 3. e3 Nc6 4. Nf3 Nf6 5. h3 a6 6. d4 Bf5 7. Bd3 Ne4 8. a3
cxd4 9. exd4 e6 10. O-O Bd6 11. Nbd2 Nxd2 12. Qxd2 Bxd3 13. Qxd3 O-O 14. c4
Re8 15. Rfe1 Qf6 16. c5 Bc7 17. Qe3 a5 18. Bc3 Re7 19. b4 a4 20. b5 Bf4 21.
Qe2 Na5 22. Bxa5 Rxa5 23. Rab1 g6 24. Ne5 Rc7 25. g3 Bxe5 26. Qxe5 Qxe5 27.
Rxe5 Kf8 28. Ree1 Ke7 29. Rec1 Ra8 30. Kg2 Rac8 31. f4 Kd7 32. Kf3 b6 33.
c6+ Kd6 34. Rb4 { Game drawn by mutual agreement } 1/2-1/2

[Event "ICC tourney 2434 (75 10)"]
[Site "Internet Chess Club"]
[Date "2021.03.07"]
[Round "6"]
[White "FLYNN, MICHAEL W:foxvalleychess"]
[Black "CHARBONNIER, JAMES MICHAEL:Electryon"]
[Result "1-0"]
[ICCResult "Black resigns"]
[WhiteElo "1481"]
[BlackElo "1359"]
[Opening "Dutch defense"]
[ECO "A40"]
[NIC "QO.17"]
[Time "20:01:13"]
[PlyCount "101"]
[TimeControl "4500+10"]

1. d4 e6 2. c4 f5 3. Nf3 Nf6 4. g3 d5 5. Bg2 c6 6. b3 Bb4+ 7. Bd2 Bd6 8.
O-O Ne4 9. Nc3 Nxd2 10. Nxd2 Qg5 11. Nf3 Qf6 12. e3 O-O 13. Ne2 Bd7 14. Nf4
Be8 15. Rc1 Nd7 16. Nd2 Qe7 17. cxd5 cxd5 18. Nxd5 exd5 19. Bxd5+ Bf7 20.
Bxb7 Rab8 21. Bc6 Nf6 22. Nc4 Bb4 23. Ne5 Bh5 24. Bf3 Bxf3 25. Qxf3 Ne4 26.
Nc6 Qf6 27. Qe2 Rb6 28. Qc4+ Qf7 29. Qxf7+ Rxf7 30. Ne5 Rfb7 31. Rc8+ Bf8
32. Rfc1 Rb8 33. Nd7 Rxc8 34. Rxc8 Rf6 35. Nxf6+ Nxf6 36. Rc7 a5 37. Ra7
Bb4 38. Kf1 h6 39. Ke2 Ng4 40. h3 Nf6 41. f3 Kh7 42. Kd3 Nd5 43. e4 fxe4+
44. fxe4 Nf6 45. g4 Ne8 46. e5 Kg8 47. Kc4 g5 48. d5 Kf8 49. d6 Ng7 50. Kd5
h5 51. e6 { Black resigns } 1-0